 Dungeon Sprint DCSS version 0.18.1-50-g88ac8fd (webtiles) character file.

0 varam the Skirmisher (level 1, -1/21 HPs)
             Began as a Kobold Berserker on Oct 10, 2016.
             Was a Follower of Trog.
             Slain by Kyedoshre the pandemonium lord (22 damage)
             ... in the Dungeon (Sprint V: "Ziggurat Sprint").
             The game lasted 00:02:08 (98 turns).

varam the Skirmisher (Kobold Berserker)               Turns: 98, Time: 00:02:08

Health: -1/21      AC: 25    Str: 23    XL:     1   Next: 0%
Magic:  1/1        EV:  9    Int:  5    God:    Trog [*.....]
Gold:   0          SH:  0    Dex: 15    Spells: 0 memorised, 0 levels left

rFire  . . .     SeeInvis +     F - +14 obsidian axe {chop, +Fly Str+3 SInv *Curse} (curse)
rCold  . . .     Gourm    .     G - +15 Maxwell's patent armour {-Cast -Tele rElec MR+ rCorr}
rNeg   . . .     Faith    .     (shield currently unavailable)
rPois  .         Spirit   .     (no helmet)
rElec  +         Dismiss  .     (no cloak)
rCorr  +         Reflect  .     (no gloves)
SustAt .         Harm     .     (no boots)
MR     +....     NoTele   +     (no amulet)
Stlth  .......... NoCast   +    (no ring)
                                (no ring)

@: berserking, mesmerised, very quick, somewhat resistant to hostile
enchantments, extremely unstealthy
A: carnivore 3
a: Berserk, Burn Spellbooks, Renounce Religion, Evoke Flight


You were in the Dungeon.
You worshipped Trog.
Trog was aware of your devotion.
You were completely stuffed.

You visited 1 branch

Inventory:

Hand Weapons
 a - a +0 hand axe
 F - the cursed +14 obsidian axe (weapon) {chop, +Fly Str+3 SInv *Curse}
   (You found it in the Dungeon)

   It inflicts extra damage upon your enemies.
   It affects your strength (+3).
   It lets you see invisible.
   It lets you fly.
   It may re-curse itself when equipped.
   It has a curse placed upon it.
 I - a +5 broad axe
Armour
 b - a +0 animal skin
 G - the +15 Maxwell's patent armour (worn) {-Cast -Tele rElec MR+ rCorr}
   (You found it in the Dungeon)

   It insulates you from electricity.
   It affects your resistance to hostile enchantments.
   It prevents spellcasting.
   It prevents most forms of teleportation.
   It protects you from acid and corrosion.
 H - the +18 shield of the gong {rElec rN+ MR+ EV-5}
   (You found it in the Dungeon)

   It affects your evasion (-5).
   It insulates you from electricity.
   It protects you from negative energy.
   It affects your resistance to hostile enchantments.
 J - a +5 gold dragon armour
Jewellery
 v - a +6 ring of dexterity
 w - a +6 ring of dexterity
 x - a +6 ring of intelligence
 y - a +6 ring of intelligence
 z - a +6 ring of strength
 A - a +6 ring of strength
Wands
 B - a wand of disintegration (7/24)
 C - a wand of iceblast (5/15)
 D - a wand of lightning (5/15)
 E - a wand of acid (5/15)
Scrolls
 i - 4 scrolls of blinking
 p - 3 scrolls of recharging
 q - 7 scrolls of fog
 r - a scroll of holy word
 s - 5 scrolls of identify
 t - 5 scrolls of remove curse
 u - 2 scrolls of fear
Potions
 d - 10 potions of curing
 e - 10 potions of heal wounds
 f - 6 potions of haste
 g - 7 potions of magic
 h - 3 potions of berserk rage
 j - 2 potions of brilliance
 k - 2 potions of invisibility
 l - 4 potions of resistance
 m - a potion of experience
 n - 5 potions of agility
 o - 5 potions of might
Comestibles
 c - 4 meat rations


   Skills:
 + Level 3.2 Fighting
 * Level 2.6 Axes
 + Level 1.5 Armour
 + Level 2.4 Dodging


You couldn't memorise any spells.
You didn't know any spells.

Dungeon Overview and Level Annotations

Branches:
Dungeon (1/1)

Altars:
Ashenzari
Cheibriados
Dithmenos
Elyvilon
Fedhas
Gozag
Kikubaaqudgha
Makhleb
Nemelex Xobeh
Okawaru
Pakellas
Qazlal
Ru
Sif Muna
Trog
Vehumet
Xom
Yredelemnul
Zin
The Shining One
Beogh
Jiyva
Lugonu


Innate Abilities, Weirdness & Mutations

You are small and have problems with some larger weapons.
You are carnivorous and can eat meat at any time.


Message History

a +3 large shield; a +3 shield; a +3 buckler
Items here: [[[[[[[
J - a +5 gold dragon armour
c - 5 meat rations (gained 4)
Things that are here:
42 fruits; 4 bread rations
There is an iron altar of Okawaru here.
Eat which item? (? for menu, Esc to quit)
You continue eating. x2
You finish eating.
That meat ration really hit the spot!
Your surroundings seem different!
Welcome to arena 1.
A neqoxec and a pandemonium lord come into view.
Visions of slaying the neqoxec flood into your mind.
Found two items.
A red film seems to cover your vision as you go berserk!
You feel yourself moving faster!
You feel mighty!
You feel somewhat less full.
Visions of slaying Kyedoshre flood into your mind.
Kyedoshre hits you!!
Ouch! That really hurt!
You die...

▓▓▓▓▓▓▓
▓.8©8.▓
▓.....▓
▓.".).▓
▓.3...▓
▓..&..▓
▓..@..▓
▓▓▓▓▓▓▓


You could see Kyedoshre and a neqoxec.

Vanquished Creatures (others)
  A spatial maelstrom (D)
1 creature vanquished.

Notes
Turn   | Place    | Note
--------------------------------------------------------------
     0 | D        | varam the Kobold Berserker began the quest for the Orb.
     0 | D        | Reached XP level 1. HP: 14/14 MP: 1/1
     0 | D        | Found a roughly hewn altar of Beogh.
     0 | D        | Found a viscous altar of Jiyva.
     0 | D        | Found a corrupted altar of Lugonu.
     0 | D        | Found a white marble altar of Elyvilon.
     0 | D        | Found a sparkling altar of Nemelex Xobeh.
     0 | D        | Found a burning altar of Makhleb.
     0 | D        | Found an iron altar of Okawaru.
     0 | D        | Found a deep blue altar of Sif Muna.
     0 | D        | Found a radiant altar of Vehumet.
     0 | D        | Found a bloodstained altar of Trog.
     0 | D        | Found a shimmering altar of Xom.
     5 | D        | Banished a spatial maelstrom
    97 | D        | Entered arena 1.
    97 | D        | Noticed a neqoxec
    97 | D        | Noticed Kyedoshre the pandemonium lord
    98 | D        | Slain by Kyedoshre the pandemonium lord

Action                   || total
-------------------------++-------
Invok: Berserk           ||     1
  Eat: Meat ration       ||     1
